 Dungeon Crawl Stone Soup version 0.23.2-1-ga50397a6bc (webtiles) character file.

Game seed: 9790151223440114942

9344 Mrkan the Brawler (level 11, -3/101 HPs)
             Began as a Troll Monk on May 14, 2019.
             Was a High Priest of the Shining One.
             Slain by Snorg (4 damage)
             ... on level 10 of the Dungeon.
             The game lasted 00:23:13 (7750 turns).

Mrkan the Brawler (Troll Monk)                      Turns: 7750, Time: 00:23:14

Health: -3/101     AC: 10    Str: 21    XL:     11   Next: 21%
Magic:  10/10      EV: 11    Int:  6    God:    the Shining One [*****.]
Gold:   609        SH:  0    Dex: 15    Spells: 10/10 levels left

rFire    + . .     SeeInvis .     - Unarmed
rCold    . . .     Gourm    +   (no shield)
rNeg     + + .     Faith    .   a - +0 robe
rPois    .         Spirit   .   (helmet restricted)
rElec    .         Reflect  .   m - +1 cloak
rCorr    .         Harm     .   (gloves unavailable)
MR       .....                  (boots unavailable)
Stlth    +.........             (no amulet)
HPRegen  0.66/turn              s - +2 ring of protection
MPRegen  0.12/turn              f - ring of protection from fire

@: lethally poisoned (-3 -> -4), glowing
A: large, unfitting armour, claws 3, fast metabolism 3, gourmand, regeneration
1, shaggy fur 1, tough skin 3
a: Divine Shield, Cleansing Flame, Summon Divine Warrior, Renounce Religion


You were on level 10 of the Dungeon.
You worshipped the Shining One.
The Shining One was extremely pleased with you.
You were not hungry.

You visited 2 branches of the dungeon, and saw 12 of its levels.
You also visited: Ossuary.

You collected 609 gold pieces.

Inventory:

Hand Weapons
 y - the cursed +3 hand axe "Gocuh" {freeze, rC- rN+ Stlth+, unknown}
   (You found it on level 5 of the Dungeon)

   It has been specially enchanted to freeze those struck by it, causing extra
   injury to most foes and up to half again as much damage against particularly
   susceptible opponents.
   It can also slow down cold-blooded creatures.
   It makes you vulnerable to cold.
   It protects you from negative energy.
   It makes you more stealthy.
   It has a curse placed upon it.
 L - a +0 blowgun
 M - a +2 dagger of chaos
Missiles
 E - 16 poisoned needles
Armour
 a - a +0 robe (worn)
 m - a +1 cloak (worn)
 J - a cursed +0 robe
Jewellery
 f - a ring of protection from fire (right claw)
 s - a +2 ring of protection (left claw)
 u - a cursed ring of attention
 A - an uncursed ring of protection from fire
 D - a cursed -2 ring of protection
Wands
 n - a wand of polymorph (15)
 q - a wand of digging (4)
 x - a wand of disintegration (18)
 K - a wand of flame (26)
Scrolls
 c - 3 scrolls of teleportation
 d - 3 scrolls of enchant weapon
 e - 2 scrolls of fog {unknown}
 g - 7 scrolls of identify
 h - 3 scrolls of random uselessness {unknown}
 j - a scroll of blinking {unknown}
 l - 3 scrolls of immolation {unknown}
 B - 2 scrolls of enchant armour
 C - 2 scrolls of magic mapping {unknown}
 F - a scroll of noise {unknown}
 G - a scroll of summoning {unknown}
 I - 2 scrolls of remove curse
 N - a scroll of fear {unknown}
Potions
 i - 3 potions of agility {unknown}
 k - 8 potions of curing
 o - 3 potions of haste {unknown}
 p - a potion of lignification {unknown}
 r - 4 potions of berserk rage {unknown}
 t - a potion of degeneration {unknown}
 v - 2 potions of brilliance {unknown}
 w - 2 potions of flight {unknown}
 z - 2 potions of heal wounds {unknown}
 H - 4 potions of might {unknown}
Miscellaneous
 O - a sack of spiders
Comestibles
 b - 19 rations


   Skills:
 + Level 4.6 Fighting
 - Level 2.4 Dodging
 - Level 1.0 Stealth
 * Level 16.1 Unarmed Combat


You had 10 spell levels left.
You didn't know any spells.
Your spell library was empty.

Dungeon Overview and Level Annotations

Branches:
Dungeon (11/15)            Temple (1/1) D:5            Lair (0/6) D:9
    Orc (0/2) D:10

Altars:
Ashenzari
Cheibriados
Dithmenos
Elyvilon
Fedhas
Gozag
Hepliaklqana
Kikubaaqudgha
Makhleb
Nemelex Xobeh
Okawaru
Qazlal
Ru
Sif Muna
Trog
Uskayaw
Vehumet
Wu Jian
Xom
Yredelemnul
Zin
The Shining One

Shops:
D:6 =   D:10 !

Annotations:
D:6 2 runed translucent doors, AxelLord's ghost, weakling CeHu
D:10 Snorg


Innate Abilities, Weirdness & Mutations

You are too large for most types of armour.
You have claws for hands.
Your metabolism is lightning-fast.
You like to eat raw meat.
Your natural rate of healing is unusually fast.
You are covered in fur. (AC +1)
You have extremely tough skin. (AC +3)


Message History

The wight misses you. The phantom barely misses you.
The wight hits you but does no damage.
You climb upwards.
There is a stone staircase leading down here.
You feel sick. Snorg bites you! Snorg claws you. Snorg claws you!!
The phantom hits you but does no damage.
Snorg bites you!!
* * * LOW HITPOINT WARNING * * *
Snorg claws you.
* * * LOW HITPOINT WARNING * * *
Snorg claws you but does no damage. The adder misses you.
The wight hits you with a +4 flail of freezing!
* * * LOW HITPOINT WARNING * * *
The wight freezes you.
* * * LOW HITPOINT WARNING * * *
The phantom barely misses you. Snorg bites you.
* * * LOW HITPOINT WARNING * * *
Snorg claws you.
You die...

#......# #.###......##
#......# #.# #......#
#......# #.# #..∩...#
#......# #.# ####'###
#<.....# #.######.#
#......# #........#
#......###############
#......'..............
#....@.###############
#...TzW########## #
#....S..........# #
#.....>[........# #
#...............# #
######..........# #
#..........# #
############ # #


You could see Snorg (berserk), a phantom, a wight and an adder.

Vanquished Creatures
  A two-headed ogre (D:9)
  Nergalle (D:10)
  2 unseen horrors
  Joseph (D:9)
  Psyche (D:9)
  A komodo dragon (D:9)
  2 dream sheep (D:8)
  A hippogriff (D:9)
  Sigmund (D:2)
  A wraith (D:10)
  A wyvern (D:10)
  2 yaks (D:8)
  A water moccasin (D:9)
  4 ice beasts
  A sky beast (D:7)
  Duvessa (D:6)
  6 orc warriors
  A phantom (D:9)
  4 ogres
  8 centaurs
  2 big kobolds (D:8)
  5 bullfrogs
  Dowan (D:6)
  2 scorpions
  11 killer bees
  8 wights
  2 howler monkeys
  2 centaur zombies
  A crimson imp (D:10)
  A jelly (D:9)
  7 orc priests
  4 hounds
  A centaur skeleton (D:6)
  2 human zombies (Ossuary)
  A bullfrog skeleton (D:8)
  2 iguanas
  4 orc wizards
  6 worker ants
  A big kobold zombie (Ossuary)
  A hound zombie (D:10)
  A hound skeleton (D:8)
  2 mummies (Ossuary)
  Robin (D:4)
  A howler monkey zombie (D:9)
  A worker ant zombie (D:5)
  8 adders
  A shadow imp (D:10)
  3 oozes
  An adder skeleton (D:4)
  2 dart slugs
  6 leopard geckos
  31 orcs
  A ball python (D:4)
  7 giant cockroaches
  10 hobgoblins
  17 jackals
  2 quokkas
  4 bats
  5 frilled lizards
  16 goblins
  4 goblin zombies (Ossuary)
  9 hobgoblin zombies (Ossuary)
  A jackal skeleton (D:4)
  2 jackal zombies (Ossuary)
  5 kobolds
  9 kobold zombies (Ossuary)
  8 orc zombies (Ossuary)
  8 rats
  A rat zombie (Ossuary)
272 creatures vanquished.

Vanquished Creatures (others)
  A plant (D:9)
1 creature vanquished.

Grand Total: 273 creatures vanquished

Notes
Turn   | Place    | Note
-------+----------+-------------------------------------------
     0 | D:1      | Mrkan the Troll Monk began the quest for the Orb.
     0 | D:1      | Reached XP level 1. HP: 22/22 MP: 0/0
   176 | D:1      | Reached XP level 2. HP: 29/29 MP: 1/1
   472 | D:2      | Reached XP level 3. HP: 26/36 MP: 2/2
   529 | D:2      | Reached skill level 4 in Unarmed Combat
   596 | D:2      | Noticed an ice beast
   609 | D:2      | Killed an ice beast
   609 | D:2      | Reached skill level 5 in Unarmed Combat
   609 | D:2      | Reached XP level 4. HP: 4/45 MP: 3/3
   804 | D:2      | Reached XP level 5. HP: 53/53 MP: 4/4
   965 | D:2      | Noticed Sigmund
   968 | D:2      | Killed Sigmund
   968 | D:2      | Reached skill level 6 in Unarmed Combat
   968 | D:2      | Reached XP level 6. HP: 53/61 MP: 5/5
  1947 | D:4      | Noticed Robin
  1958 | D:4      | Killed Robin
  2258 | D:4      | Reached skill level 7 in Unarmed Combat
  2302 | D:4      | Found a sand-covered staircase.
  2314 | Ossuary  | Entered an ossuary
  2510 | Ossuary  | Reached XP level 7. HP: 56/67 MP: 6/6
  3172 | D:4      | Reached skill level 8 in Unarmed Combat
  3568 | D:5      | Entered Level 5 of the Dungeon
  3592 | D:5      | Found a blossoming altar of Fedhas.
  3622 | D:5      | Found a staircase to the Ecumenical Temple.
  3667 | D:5      | Got an ancient hand axe
  3675 | Temple   | Entered the Ecumenical Temple
  3800 | Temple   | Became a worshipper of the Shining One
  3800 | Temple   | Reached * piety under the Shining One
  3800 | Temple   | Reached ** piety under the Shining One
  3981 | D:5      | Reached skill level 9 in Unarmed Combat
  4230 | D:6      | Reached XP level 8. HP: 42/75 MP: 7/7
  4255 | D:6      | Found a runed translucent door.
  4259 | D:6      | Noticed AxelLord's ghost (weakling CeHu)
  4278 | D:6      | Found Siashrof's Jewellery Boutique.
  4420 | D:6      | Noticed Duvessa
  4420 | D:6      | Noticed Dowan
  4430 | D:6      | Killed Duvessa
  4430 | D:6      | Reached skill level 10 in Unarmed Combat
  4436 | D:6      | Killed Dowan
  4439 | D:6      | Found a runed translucent door.
  4538 | D:6      | The Shining One protects you from harm!
  4539 | D:6      | HP: 1/75 [orc warrior/+0 glaive (8)]
  4756 | D:6      | Reached skill level 11 in Unarmed Combat
  5114 | D:7      | Noticed an unseen horror
  5131 | D:7      | Killed an unseen horror
  5131 | D:7      | Reached XP level 9. HP: 58/84 MP: 8/8
  5231 | D:7      | Reached skill level 12 in Unarmed Combat
  5668 | D:8      | Reached *** piety under the Shining One
  5841 | D:8      | Found a deep blue altar of Sif Muna.
  6119 | D:8      | Reached skill level 13 in Unarmed Combat
  6159 | D:8      | Noticed a three-headed hydra
  6209 | D:9      | Reached XP level 10. HP: 82/92 MP: 9/9
  6350 | D:9      | Noticed Psyche
  6363 | D:9      | Killed Psyche
  6363 | D:9      | Reached skill level 14 in Unarmed Combat
  6473 | D:9      | Noticed Joseph
  6475 | D:9      | Found a staircase to the Lair.
  6499 | D:9      | Killed Joseph
  6681 | D:9      | Noticed a two-headed ogre
  6693 | D:9      | Killed a two-headed ogre
  6693 | D:9      | Reached skill level 15 in Unarmed Combat
  6748 | D:10     | Entered Level 10 of the Dungeon
  6748 | D:10     | Noticed Nergalle
  6775 | D:10     | Killed Nergalle
  6786 | D:10     | Reached **** piety under the Shining One
  6900 | D:10     | Found Hefaag's Distillery.
  6997 | D:10     | Noticed an unseen horror
  7018 | D:10     | Killed an unseen horror
  7018 | D:10     | Reached XP level 11. HP: 90/101 MP: 10/10
  7091 | D:10     | Found a staircase to the Orcish Mines.
  7147 | D:10     | Reached skill level 16 in Unarmed Combat
  7735 | D:11     | Noticed Snorg
  7735 | D:11     | Noticed a six-headed hydra
  7735 | D:11     | Reached ***** piety under the Shining One
  7750 | D:10     | HP: 3/101 [wight/+4 flail of freezing (4)]
  7750 | D:10     | HP: 1/101 [Snorg (2)]
  7750 | D:10     | Slain by Snorg

Skill      XL: |  1  2  3  4  5  6  7  8  9 10 11 |
---------------+----------------------------------+-----
Unarmed Combat | 5 6 7 9 11 13 15 16 | 16.1
Fighting       | 3 4 |  4.6
Dodging        | |  2.4
Stealth        | |  1.0

Action                   |  1- 3 |  4- 6 |  7- 9 | 10-12 || total
-------------------------+-------+-------+-------+-------++-------
Melee: Unarmed           |    71 |   223 |   228 |   204 ||   726
       Punch             |       |     5 |     7 |    20 ||    32
  Use: Scroll            |       |       |     9 |       ||     9
 Stab: Sleeping          |     1 |     4 |       |       ||     5
  Eat: Chunk             |     3 |    11 |    19 |    11 ||    44
       Ration            |       |     2 |     4 |     1 ||     7
Armor: Robe              |    39 |   100 |    70 |    76 ||   285
Dodge: Dodged            |    42 |   109 |   109 |   122 ||   382
